 Dungeon Crawl Stone Soup version 0.22.0-27-ga576289 (webtiles) character file.

491 Monsterracer the Ruffian (level 6, -8/61 HPs)
             Began as a Troll Enchanter on Aug 21, 2018.
             Killed by nerve-wracking pain
             ... invoked by Menkaure
              (13 damage)
             ... on level 3 of the Dungeon.
             The game lasted 00:03:02 (2420 turns).

Monsterracer the Ruffian (Troll Enchanter)          Turns: 2420, Time: 00:03:03

Health: -8/61      AC:  8    Str: 17    XL:     6   Next: 91%
Magic:  6/6        EV: 15    Int: 11    God:    Xom [..*...]
Gold:   148        SH:  0    Dex: 17    Spells: 7/7 levels left

rFire    . . .     SeeInvis .     - Unarmed
rCold    . . .     Gourm    +   (no shield)
rNeg     . . .     Faith    .   b - +0 robe
rPois    .         Spirit   .   (helmet restricted)
rElec    .         Reflect  .   p - +2 cloak
rCorr    .         Harm     .   (gloves unavailable)
MR       .....                  (boots unavailable)
Stlth    +++.......             (no amulet)
HPRegen  0.60/turn              (no ring)
MPRegen  0.10/turn              (no ring)

@: agile
A: large, unfitting armour, claws 3, fast metabolism 3, gourmand, regeneration
1, shaggy fur 1, tough skin 2
a: Renounce Religion


You were on level 3 of the Dungeon.
You worshipped Xom.
You were a toy of Xom.
You were very full.

You visited 1 branch of the dungeon, and saw 4 of its levels.

You collected 148 gold pieces.

Inventory:

Armour
 b - a +0 robe (worn)
 p - a +2 cloak (worn)
Jewellery
 d - an uncursed ring of fire
Wands
 o - a wand of flame (9)
Scrolls
 j - 2 scrolls of teleportation
Potions
 a - a potion of agility {unknown}
 e - 2 potions of curing {unknown}
 g - 2 potions of haste {unknown}
 i - a potion of mutation {unknown}
 m - a potion of brilliance {unknown}
Comestibles
 c - 8 rations


   Skills:
 + Level 3.2 Fighting
   Level 0.7 Short Blades
 - Level 1.5 Dodging
 - Level 1.5 Stealth
 * Level 5.8 Unarmed Combat
 - Level 1.2 Spellcasting
   Level 2.0 Hexes


You had 7 spell levels left.
You didn't know any spells.
Your spell library contained the following spells:

 Spells                   Type           Power        Failure   Level  Hunger
 Corona                   Hex            #......      14%         1    ##.....
 Ensorcelled Hibernation  Hex/Ice        #.....       32%         2    ###....
 Confuse                  Hex            #.......     38%         3    ####...
 Tukima's Dance           Hex            #.......     38%         3    ####...
 Dazzling Spray           Conj/Hex       #.....       54%         3    ####...


Dungeon Overview and Level Annotations

Branches:
Dungeon (4/15)
 Temple: D:4-7

Altars:
Ashenzari
Gozag
Hepliaklqana
Makhleb
Okawaru
Xom

Annotations:
D:3 Menkaure


Innate Abilities, Weirdness & Mutations

You are too large for most types of armour.
You have claws for hands.
Your metabolism is lightning-fast.
You like to eat raw meat.
Your natural rate of healing is unusually fast.
You are covered in fur. (AC +1)
You have very tough skin. (AC +2)


Message History

A worker ant is nearby!
A worker ant is nearby!
A worker ant is nearby!
A worker ant is nearby!
You can't go down here!
You take 6 damage, and have 55/61 hp.
You barely miss the worker ant.
The worker ant twitches its antennae in your direction.
The worker ant bites you.
You take 5 damage, and have 50/61 hp.
You closely miss the worker ant.
Menkaure, Prince of Dust comes into view.
The worker ant bites you but does no damage.
Menkaure shouts!
You scratch the worker ant.
The worker ant is lightly wounded.
The worker ant barely misses you.
You claw the worker ant! You claw the worker ant.
The worker ant is almost dead.
The worker ant barely misses you.
A leopard gecko comes into view.
The leopard gecko hisses angrily.
You claw the worker ant!
You kill the worker ant!
Menkaure casts a spell.
Menkaure seems to speed up.
You see here a chain mail.
Xom grants you a minor favour.
You feel agile all of a sudden.
There is a stone staircase leading up here.
A worker ant comes into view.
Menkaure breathes soot at you.
The worker ant twitches its antennae in your direction.
Menkaure closely misses you.
Menkaure calls on the powers of darkness!
Your body is wracked with pain!
* * * LOW HITPOINT WARNING * * *
The leopard gecko convulses!
The worker ant convulses!
You climb upwards.
There is a stone staircase leading down here.
Unknown command.
You take 26 damage, and have 31/61 hp.
MASSIVE DAMAGE!!
Menkaure misses you.
Unknown command.
Menkaure casts a spell at you. Pain shoots through your body!
* * * LOW HITPOINT WARNING * * *
You take 2 damage, and have 30/61 hp.
Menkaure barely misses you. Menkaure hits you!
* * * LOW HITPOINT WARNING * * *
You take 6 damage, and have 24/61 hp.
Menkaure calls on the powers of darkness!
Your body is wracked with pain!
* * * LOW HITPOINT WARNING * * *
You take 10 damage, and have 14/61 hp.
Menkaure hits you.
* * * LOW HITPOINT WARNING * * *
You take 5 damage, and have 9/61 hp.
Menkaure barely misses you.
Unknown command.
Menkaure hits you.
* * * LOW HITPOINT WARNING * * *
You take 1 damage, and have 9/61 hp.
Menkaure barely misses you. x2
Unknown command.
Menkaure closely misses you.
Unknown command.
Menkaure misses you.
Unknown command.
Unknown command.
Menkaure closely misses you. Menkaure misses you.
Unknown command.
Menkaure hits you but does no damage. Menkaure closely misses you.
Unknown command.
Xom smiles on you.
You feel better. Menkaure barely misses you.
You regained 12 hp, and now have 25/61 hp.
Menkaure hits you.
* * * LOW HITPOINT WARNING * * *
You take 3 damage, and have 22/61 hp.
Menkaure closely misses you. Menkaure closely misses you.
Menkaure calls on the powers of darkness!
Your body is wracked with pain!
* * * LOW HITPOINT WARNING * * *
Menkaure misses you.
You take 10 damage, and have 13/61 hp.
Menkaure gestures at you while chanting.
Pain shoots through your body!
* * * LOW HITPOINT WARNING * * *
You take 7 damage, and have 6/61 hp.
Menkaure is no longer moving quickly.
Menkaure misses you.
Unknown command.
Menkaure hits you.
* * * LOW HITPOINT WARNING * * *
You take 1 damage, and have 5/61 hp.
Menkaure points at you and mumbles some strange words.
Pain shoots through your body!
You die...
Xom snickers!

###.#.#.#.# #..#.# ....#.#.#.#
#..#.###### #####.....######
#..#.#..... #.............#
#..#.#.####
#.####.#.####.########..#.#.# #.#
#................>(.#.#.#
##.###....####..#.######...#.#
...........# #..#.### ##.##.#
##.........###..@M..## #.##÷#
##..#..._..<.........# #.##.#
##..#........#......#####.##.#
##..#........#..#.#........†.#
##..............#.#######.####
..#.##...##...#.#.### #.#
#.#.##.#.#..........#############
#.#.##.#.##.#.#.#.##.............
............)...#.###..)#)..#...#


You could see Menkaure.

Vanquished Creatures
  Grinder (D:3)
  A howler monkey (D:4)
  A hound (D:3)
  Natasha (thrice) (D:3)
  A worker ant (D:4)
  3 gnolls (D:3)
  5 adders
  An ooze (D:3)
  A worm (D:2)
  2 dart slugs (D:1)
  2 leopard geckos (D:2)
  A ball python (D:2)
  3 giant cockroaches
  5 goblins
  8 hobgoblins
  3 jackals (D:3)
  A quokka (D:3)
  3 bats
  5 frilled lizards
  6 kobolds
  4 rats
60 creatures vanquished.

Vanquished Creatures (others)
  A plant (D:2)
1 creature vanquished.

Grand Total: 61 creatures vanquished

Notes
Turn   | Place    | Note
-------+----------+-------------------------------------------
     0 | D:1      | Monsterracer the Troll Enchanter began the quest for the Orb.
     0 | D:1      | Reached XP level 1. HP: 16/16 MP: 1/1
   238 | D:1      | Reached skill level 1 in Unarmed Combat
   265 | D:1      | Reached XP level 2. HP: 25/26 MP: 2/2
   859 | D:2      | Reached skill level 1 in Fighting
   859 | D:2      | Reached skill level 2 in Unarmed Combat
  1080 | D:2      | Found a shattered altar of Ashenzari.
  1084 | D:2      | Saw a vision of the Swamp and the Spider Nest.
  1084 | D:2      | Noticed an alligator
  1084 | D:2      | Noticed an alligator
  1084 | D:2      | Noticed an alligator
  1084 | D:2      | Noticed a redback
  1084 | D:2      | Noticed a hornet
  1084 | D:2      | Noticed a wolf spider
  1084 | D:2      | Noticed a redback
  1086 | D:2      | Noticed a scorpion
  1142 | D:2      | Reached XP level 3. HP: 31/33 MP: 3/3
  1332 | D:2      | Found an opulent altar of Gozag.
  1419 | D:2      | Found a burning altar of Makhleb.
  1419 | D:2      | Noticed a green death
  1454 | D:3      | Found a shimmering altar of Xom.
  1461 | D:3      | Noticed Natasha
  1470 | D:3      | Killed Natasha
  1470 | D:3      | Reached skill level 3 in Unarmed Combat
  1470 | D:3      | Reached XP level 4. HP: 30/41 MP: 4/4
  1530 | D:3      | Became a worshipper of Xom the Tricky
  1569 | D:3      | Noticed Grinder
  1591 | D:3      | XOM: divination: detect items
  1591 | D:3      | Paralysed by Grinder for 5 turns
  1604 | D:3      | Killed Grinder
  1604 | D:3      | Reached skill level 4 in Unarmed Combat
  1604 | D:3      | Reached XP level 5. HP: 44/50 MP: 5/5
  1615 | D:3      | XOM: harmless Necr miscast
  1624 | D:3      | Reached XP level 6. HP: 59/59 MP: 6/6
  1631 | D:3      | Noticed Natasha
  1636 | D:3      | Killed Natasha
  1742 | D:3      | Reached skill level 5 in Unarmed Combat
  1775 | D:3      | Found an iron altar of Okawaru.
  1813 | D:3      | Noticed Natasha
  1820 | D:3      | Killed Natasha
  1891 | D:3      | Found a shimmering altar of Xom.
  2268 | D:3      | Found a shattered altar of Ashenzari.
  2352 | D:3      | XOM: divination: detect items
  2379 | D:4      | Found a hazy altar of Hepliaklqana.
  2385 | D:4      | Noticed Menkaure
  2390 | D:4      | XOM: potion effect (agility)
  2397 | D:4      | HP: 30/61 [??? (27)]
  2402 | D:3      | HP: 14/61 [??? (11)]
  2412 | D:3      | XOM: potion effect (curing)
  2413 | D:3      | HP: 22/61 [Menkaure (3)]
  2417 | D:3      | HP: 6/61 [Menkaure/nerve-wracking pain (8)]
  2420 | D:3      | Killed from afar by Menkaure

Skill      XL: |  1  2  3  4  5  6 |
---------------+-------------------+-----
Unarmed Combat | 1 2 3 4 5 |  5.8
Fighting       | 1 2 3 |  3.2
Short Blades   | |  0.7
Dodging        | |  1.5
Stealth        | |  1.5
Spellcasting   | |  1.2
Hexes          | |  2.0

Action                   |  1- 3 |  4- 6 || total
-------------------------+-------+-------++-------
Melee: Unarmed           |   117 |    89 ||   206
       Punch             |     1 |     2 ||     3
  Use: Scroll            |       |     7 ||     7
 Stab: Sleeping          |     3 |       ||     3
  Eat: Chunk             |    14 |    13 ||    27
Armor: Robe              |    47 |    28 ||    75
Dodge: Dodged            |    58 |    63 ||   121

Vault maps used:
D:1:      minmay_arrival_widening_spiral_narrow
D:2:      makhleb_altar_promises_db, lemuel_round_altar, first_ration,
          grunt_ashenzari_visionary
D:3:      okawaru_ov_weapons_minmay, xom_butterflies,
          lemuel_coloured_pillars_altar, xom_teletrap_fun, uniq_natasha,
          uniq_grinder
D:4:      minmay_diamond_boxcup, overflow_temple_1_default, old_standard_altar,
          kennysheep_ying_yang, uniq_menkaure
